 Dungeon Crawl Stone Soup version 0.22.1-1-ga44c0e5 (webtiles) character file.

1782 whitewolfNL the Carver (level 9, -7/71 HPs)
             Began as a Hill Orc Fighter on Sept 26, 2018.
             Was a Follower of Trog.
             Blown up by Ijyb (21 damage)
             ... with a wand of disintegration (11)
             ... on level 6 of the Dungeon.
             The game lasted 00:45:59 (7865 turns).

whitewolfNL the Carver (Hill Orc Fighter)           Turns: 7865, Time: 00:46:00

Health: -7/71      AC: 15    Str: 25    XL:     9   Next: 8%
Magic:  9/9        EV:  4    Int:  9    God:    Trog [*.....]
Gold:   286        SH:  9    Dex: 11    Spells: 8/8 levels left

rFire    + . .     SeeInvis .   a - +1 long sword
rCold    x . .     Gourm    .   c - +0 shield
rNeg     . . .     Faith    .   D - +1 plate armour
rPois    .         Spirit   .   B - +0 helmet
rElec    .         Reflect  .   L - +0 cloak
rCorr    .         Harm     .   (no gloves)
MR       .....                  (no boots)
Stlth    ..........             (no amulet)
HPRegen  0.21/turn              n - +5 ring of strength
MPRegen  0.11/turn              h - ring of fire

@: no status effects
A: no striking features
a: Berserk, Renounce Religion


You were on level 6 of the Dungeon.
You worshipped Trog.
Trog was aware of your devotion.
You were not hungry.

You visited 2 branches of the dungeon, and saw 7 of its levels.

You collected 286 gold pieces.

Inventory:

Hand Weapons
 a - a +1 long sword (weapon)
 w - a +3 flail of protection
 N - a +0 shortbow
 P - a +0 blowgun
Missiles
 j - 266 stones (quivered)
 u - 3 needles of sleeping
 v - 36 poisoned needles
 x - 17 javelins
 y - 74 arrows
 C - 94 bolts
 H - 5 tomahawks
Armour
 c - a +0 shield (worn)
 B - a +0 helmet (worn)
 D - a +1 plate armour (worn)
 L - a +0 cloak (worn)
 M - a +0 cloak
 O - the +2 chain mail of Terror {rN+ Str+4 Stlth-, unknown}
   (You found it on level 6 of the Dungeon)

   It affects your strength (+4).
   It protects you from negative energy.
   It makes you less stealthy.
 Q - a +0 ring mail
Jewellery
 e - an uncursed ring of poison resistance
 h - a ring of fire (right hand)
 n - a +5 ring of strength (left hand)
Wands
 k - a wand of flame (45)
 E - a wand of digging (10)
 K - a wand of polymorph (16)
Scrolls
 b - 4 scrolls of teleportation
 i - a scroll of enchant weapon
 m - 5 scrolls of remove curse
 q - a scroll of magic mapping
 r - a scroll of amnesia
 s - 3 scrolls of fear
 t - a scroll of immolation {unknown}
 G - 2 scrolls of enchant armour
 I - 2 scrolls of fog {unknown}
Potions
 d - a potion of might
 g - a potion of lignification {unknown}
 l - a potion of brilliance {unknown}
 o - 4 potions of curing
 p - a potion of ambrosia {unknown}
 z - a potion of haste {unknown}
 A - a potion of magic {unknown}
 F - 2 potions of resistance
 J - a potion of heal wounds
Comestibles
 f - 9 rations
 R - 2 chunks of flesh


   Skills:
 - Level 3.6 Fighting
 - Level 11.8 Long Blades
 - Level 0.1 Maces & Flails
 * Level 4.4 Armour
 - Level 0.1 Dodging
 + Level 1.0 Stealth
 - Level 3.3 Shields


You had 8 spell levels left.
You didn't know any spells.
Your spell library contained the following spells:

 Spells                   Type           Power        Failure   Level  Hunger
 Corona                   Hex            #......      100%        1    ##.....
 Ensorcelled Hibernation  Hex/Ice        #.....       100%        2    ###....
 Confuse                  Hex            #.......     100%        3    ####...
 Dazzling Spray           Conj/Hex       #.....       100%        3    ####...
 Tukima's Dance           Hex            #.......     100%        3    ####...


Dungeon Overview and Level Annotations

Branches:
Dungeon (6/15)             Temple (1/1) D:5

Altars:
Ashenzari
Cheibriados
Dithmenos
Fedhas
Gozag
Hepliaklqana
Kikubaaqudgha
Nemelex Xobeh
Okawaru
Qazlal
Ru
Sif Muna
Trog
Uskayaw
Vehumet
Wu Jian
Xom
Yredelemnul
Zin
The Shining One

Shops:
D:5 %

Annotations:
D:6 Ijyb


Message History

The orc hits you but does no damage.
An ogre comes into view. It is wielding a giant spiked club.
Ijyb zaps a wand.
You are blasted!
The ogre shouts!
You hit Ijyb but do no damage.
Ijyb is heavily wounded.
You block the orc's attack. You block Ijyb's attack.
You barely miss Ijyb.
Ijyb is heavily wounded.
You block the orc's attack.
Ijyb throws a stone.
You block the stone. The orc hits you but does no damage.
Things that are here:
a stone; a bullfrog corpse You hit the orc.
You kill the orc!
Trog accepts your kill.
Ijyb zaps a wand.
You are blasted!
* * * LOW HITPOINT WARNING * * *
Ijyb zaps a wand.
You are blasted!
You die...

...##.......##........####..#
..(......... #........# #..#
........... #........# #..#
.......O.. #........# #..#
......... #........# #..#
........# #........# #..#
.......)# #........# #..#
......†(######........# #..#
#######Og.).@......#### #..#
#...........## #..P
#!..........# #...
#...........# #..#
####################..#
#............# #######
#............# ......#
#............P ......#
#.............


You could see an ogre and Ijyb.

Vanquished Creatures
  The ghost of Yerrow the Chiller, an amateur DrIE (D:4)
  Edmund (D:5)
  A water moccasin (D:5)
  A necrophage (D:6)
  An ice beast (D:4)
  2 ogres
  A centaur (D:6)
  2 bullfrogs (D:6)
  5 wights (D:6)
  3 crimson imps (D:5)
  3 hounds
  A bullfrog skeleton (D:4)
  A jelly (D:6)
  3 orc priests
  An orc wizard (D:5)
  An iguana (D:5)
  A bullfrog simulacrum (D:4)
  A worker ant zombie (D:5)
  Robin (D:3)
  An adder (D:2)
  8 gnolls
  A hound simulacrum (D:4)
  An ooze (D:2)
  An adder skeleton (D:5)
  3 worms
  2 dart slugs
  An adder simulacrum (D:4)
  3 leopard geckos
  15 orcs
  3 ball pythons
  10 bats
  5 giant cockroaches
  13 goblins
  17 hobgoblins
  10 jackals
  7 kobolds
  3 quokkas
  2 frilled lizards (D:1)
  A giant cockroach simulacrum (D:4)
  A jackal skeleton (D:4)
  A leopard gecko skeleton (D:6)
  A quokka simulacrum (D:4)
  A quokka skeleton (D:5)
  13 rats
155 creatures vanquished.

Vanquished Creatures (others)
  A plant (D:5)
1 creature vanquished.

Grand Total: 156 creatures vanquished

Notes
Turn   | Place    | Note
-------+----------+-------------------------------------------
     0 | D:1      | whitewolfNL the Hill Orc Fighter began the quest for the
                  | Orb.
     0 | D:1      | Reached XP level 1. HP: 19/19 MP: 1/1
   209 | D:1      | Reached XP level 2. HP: 20/27 MP: 2/2
   314 | D:1      | Reached skill level 3 in Long Blades
   736 | D:1      | Reached XP level 3. HP: 32/33 MP: 3/3
  1166 | D:2      | Reached skill level 4 in Long Blades
  1582 | D:2      | Reached XP level 4. HP: 27/40 MP: 4/4
  1978 | D:2      | Reached skill level 5 in Long Blades
  2111 | D:2      | Reached XP level 5. HP: 42/46 MP: 5/5
  2795 | D:3      | Reached skill level 6 in Long Blades
  2883 | D:3      | Noticed Robin
  2896 | D:3      | Killed Robin
  3549 | D:4      | Found a runed gate.
  3549 | D:4      | Found a runed gate.
  3549 | D:4      | Found a runed gate.
  3592 | D:4      | Noticed an ogre
  3605 | D:4      | Killed an ogre
  3605 | D:4      | Reached XP level 6. HP: 36/52 MP: 6/6
  3812 | D:4      | Reached skill level 7 in Long Blades
  4085 | D:4      | Reached XP level 7. HP: 53/58 MP: 7/7
  4093 | D:4      | Reached skill level 8 in Long Blades
  4256 | D:4      | Noticed Yerrow's ghost (amateur DrIE)
  4659 | D:4      | Killed Yerrow's ghost
  4841 | D:4      | Reached skill level 9 in Long Blades
  5341 | D:5      | Entered Level 5 of the Dungeon
  5570 | D:5      | Noticed Ijyb
  5671 | D:5      | Found a staircase to the Ecumenical Temple.
  5721 | Temple   | Entered the Ecumenical Temple
  5771 | Temple   | Became a worshipper of Trog the Wrathful
  5919 | D:5      | Found Nogroxu's Food Emporium.
  5955 | D:5      | Reached XP level 8. HP: 66/66 MP: 8/8
  5981 | D:5      | Reached skill level 10 in Long Blades
  6147 | D:5      | Noticed Edmund
  6158 | D:5      | Killed Edmund
  6475 | D:5      | Reached skill level 1 in Stealth
  6870 | D:6      | Found a radiant altar of Vehumet.
  6899 | D:6      | Found a basalt altar of Yredelemnul.
  6909 | D:6      | Found a sparkling altar of Nemelex Xobeh.
  6911 | D:6      | Found a snail-covered altar of Cheibriados.
  6976 | D:6      | Reached skill level 11 in Long Blades
  7207 | D:6      | Got a bloodstained chain mail
  7273 | D:6      | Reached * piety under Trog
  7400 | D:6      | Reached XP level 9. HP: 71/71 MP: 9/9
  7865 | D:6      | Blown up by Ijyb

Skill      XL: |  1  2  3  4  5  6  7  8  9 |
---------------+----------------------------+-----
Long Blades    | 3 4 5 6 7 9 11 | 11.8
Stealth        | 1 |  1.0
Armour         | 4 |  4.4
Fighting       | |  3.6
Maces & Flails | |  0.1
Dodging        | |  0.1
Shields        | |  3.3

Action                   |  1- 3 |  4- 6 |  7- 9 || total
-------------------------+-------+-------+-------++-------
Melee: Long sword        |    88 |   244 |   283 ||   615
       Club              |    11 |       |       ||    11
       Flail             |       |       |    41 ||    41
  Use: Scroll            |     2 |     2 |     8 ||    12
       Potion            |       |       |     1 ||     1
  Eat: Ration            |     1 |     1 |     3 ||     5
       Chunk             |       |     4 |     4 ||     8
Armor: Scale mail        |    11 |       |       ||    11
       Chain mail        |    64 |   123 |       ||   187
       Plate armour      |       |       |   192 ||   192
Dodge: Dodged            |    34 |    54 |    43 ||   131
Block: Shield            |    68 |   129 |   164 ||   361
       Rpst.: Long sword |    14 |    20 |     5 ||    39
